 Dungeon Crawl Stone Soup version 0.25.1-2-g60ff931df9 (webtiles) character file.

Game seed: 12197675670827351756

365 raphaelitos the Slasher (level 6, -1/53 HPs)
             Began as a Minotaur Fighter on Nov 13, 2020.
             Was a Follower of Wu Jian.
             Killed by divine providence
             ... invoked by an orc priest
              (14 damage)
             ... on level 5 of the Dungeon.
             The game lasted 00:06:50 (3886 turns).

raphaelitos the Slasher (Minotaur Fighter)          Turns: 3886, Time: 00:06:51

Health: -1/53      AC: 10    Str: 22    XL:     6   Next: 40%
Magic:  5/5        EV:  8    Int:  5    God:    Wu Jian [*.....]
Gold:   249        SH: 10    Dex: 10    Spells: 5/5 levels left

rFire    + + .     SeeInvis .   a - +1 long sword
rCold    x . .     Gourm    .   c - +0 kite shield
rNeg     . . .     Faith    .   b - +1 scale mail
rPois    .         Spirit   .   (helmet restricted)
rElec    .         Reflect  .   (no cloak)
rCorr    .         Harm     .   l - +0 pair of gloves
MR       .....                  x - +0 pair of boots
Stlth    ..........             (no amulet)
HPRegen  0.17/turn              o - ring of protection from fire
MPRegen  0.09/turn              t - ring of fire

@: no status effects
A: retaliatory headbutt, horns 2
a: Renounce Religion


You were on level 5 of the Dungeon.
You worshipped Wu Jian.
Wu Jian was aware of your devotion.
You were not hungry.

You visited 1 branch of the dungeon, and saw 5 of its levels.

You collected 249 gold pieces.

Inventory:

Hand Weapons
 a - a +1 long sword (weapon)
Missiles
 e - 13 boomerangs (quivered)
 g - 41 arrows
 j - 13 bolts
 k - 8 poisoned darts
 r - 6 silver javelins
 u - 99 sling bullets
Armour
 b - a +1 scale mail (worn)
 c - a +0 kite shield (worn)
 l - a +0 pair of gloves (worn)
 x - a +0 pair of boots (worn)
Jewellery
 o - a ring of protection from fire (left hand)
 t - a ring of fire (right hand)
Wands
 D - a wand of acid (8)
Scrolls
 s - 4 scrolls of remove curse
 z - a scroll of magic mapping
 B - a scroll of identify
Potions
 d - 2 potions of might
 h - a potion of flight
 i - a potion of haste
 m - 2 potions of heal wounds {unknown}
 n - 3 potions of stabbing
 p - 2 potions of invisibility {unknown}
 q - a potion of cancellation {unknown}
 v - a potion of degeneration {unknown}
 A - a potion of curing {unknown}
Comestibles
 f - 12 rations


   Skills:
 + Level 4.6 Fighting
 + Level 5.3 Long Blades
 + Level 5.0 Armour
 + Level 1.7 Dodging
 + Level 0.1 Stealth
 + Level 5.1 Shields


You had 5 spell levels left.
You didn't know any spells.
Your spell library was empty.

Dungeon Overview and Level Annotations

Branches:
Dungeon (5/15)
 Temple: D:4-7

Altars:
Dithmenos
Hepliaklqana
Okawaru
Uskayaw
Wu Jian
The Shining One


Innate Abilities, Weirdness & Mutations

You reflexively headbutt those who attack you in melee.
You have a pair of horns on your head.


Message History

The orc priest hits you with a +0 mace.
You closely miss the orc priest.
The orc priest looks satisfied for a moment.
The orc priest shouts!
You hit the orc priest.
The orc priest is lightly wounded.
You block the orc priest's attack.
You hit the orc priest.
The orc priest is moderately wounded.
The orc priest calls down the wrath of Beogh upon you.
Pain shoots through your body!
* * * LOW HITPOINT WARNING * * *
You hit the orc priest.
The orc priest is heavily wounded.
The orc priest hits you but does no damage.
You hit the orc priest. Your headbutt misses the orc priest.
The orc priest is almost dead.
The orc priest invokes the aid of Beogh against you.
Beogh smites you!
You die...

... ##.#..###.#
.....#####..#..#
#.#
...............#
#.
......###...<..#
..... ##.....#
.##. #.....## ###
# ##.....##..#
##.......#
##..@o...##
#.#........#
#.....###o.#####
#..#####.......#
##..###.........#
##........###.####
.........## ..#
....#...## #...
....#...# ..##


You could see 2 orc priests.

Vanquished Creatures
  An ice beast (D:5)
  A scorpion (D:4)
  2 crimson imps
  Crazy Yiuf (D:3)
  A worker ant (D:4)
  3 adders
  A shadow imp (D:5)
  An ooze (D:4)
  A dart slug (D:1)
  2 leopard geckos
  4 orcs
  2 ball pythons (D:3)
  A bat (D:2)
  4 giant cockroaches
  5 goblins
  6 hobgoblins
  5 jackals
  A quokka (D:3)
  4 frilled lizards
  2 goblin skeletons (D:4)
  A goblin zombie (D:4)
  3 hobgoblin zombies (D:4)
  A jackal skeleton (D:4)
  6 kobolds
  A kobold skeleton (D:4)
  A kobold zombie (D:4)
  An orc skeleton (D:4)
  2 orc zombies (D:4)
  7 rats
71 creatures vanquished.

Notes
Turn   | Place    | Note
-------+----------+-------------------------------------------
     0 | D:1      | raphaelitos the Minotaur Fighter began the quest for the
                  | Orb.
     0 | D:1      | Reached XP level 1. HP: 19/19 MP: 0/0
   480 | D:1      | Reached XP level 2. HP: 24/27 MP: 1/1
  1567 | D:2      | Reached XP level 3. HP: 30/34 MP: 2/2
  1935 | D:3      | Found an ornate altar of the Wu Jian Council.
  1936 | D:3      | Found a hazy altar of Hepliaklqana.
  1938 | D:3      | Found a shadowy altar of Dithmenos.
  1949 | D:3      | Became a worshipper of the Wu Jian Council
  1959 | D:3      | Reached skill level 1 in Dodging
  2497 | D:3      | Reached XP level 4. HP: 41/41 MP: 3/3
  2673 | D:3      | Found a runed translucent door.
  2674 | D:3      | Noticed Crazy Yiuf
  2910 | D:3      | Killed Crazy Yiuf
  3174 | D:4      | Found a glowing golden altar of the Shining One.
  3179 | D:4      | Reached * piety under Wu Jian
  3190 | D:4      | Reached XP level 5. HP: 46/47 MP: 4/4
  3310 | D:4      | Found an iron altar of Okawaru.
  3485 | D:4      | You fall into a shaft and drop 1 floor!
  3485 | D:5      | Entered Level 5 of the Dungeon
  3688 | D:5      | Reached XP level 6. HP: 45/53 MP: 5/5
  3734 | D:5      | Noticed an ice beast
  3744 | D:5      | Killed an ice beast
  3744 | D:5      | Reached skill level 5 in Long Blades
  3744 | D:5      | Reached skill level 5 in Armour
  3744 | D:5      | Reached skill level 5 in Shields
  3754 | D:5      | Found a hide-covered altar of Uskayaw.
  3886 | D:5      | Killed from afar by an orc priest

Illustrated notes

Levels and vault maps discovered:
D:1:      kennysheep_arrival_seaside, layout_basic
D:2:      layout_rooms, first_ration
D:3:      layout_loops_corners, grunt_temple_overflow_open, grunt_ministairs_1,
          uniq_crazy_yiuf_cottage
D:4:      layout_basic, overflow_temple_1_default, nicolae_tso_besieged_by_evil
D:5:      layout_layer_cave, kennysheep_mini_moat, fedhas_altar_4

Skill      XL: |  1  2  3  4  5  6 |
---------------+-------------------+-----
Fighting       | 4 |  4.6
Armour         | 4 5 |  5.0
Long Blades    | 3 4 5 |  5.3
Dodging        | 1 |  1.7
Shields        | 4 5 |  5.1
Stealth        | |  0.1

Action                   |  1- 3 |  4- 6 || total
-------------------------+-------+-------++-------
Melee: Long sword        |    83 |    75 ||   158
       Headbutt          |     8 |    14 ||    22
Invok: Lunge             |     6 |    12 ||    18
       Whirlwind         |       |     8 ||     8
  Use: Scroll            |     4 |     8 ||    12
  Eat: Chunk             |     5 |     4 ||     9
Armor: Scale mail        |    69 |    21 ||    90
Dodge: Dodged            |    50 |    15 ||    65
Block: Kite shield       |    71 |    29 ||   100
       Rpst.: Long sword |    14 |     3 ||    17
